NYP
TRI-CITY DUST DEVILS @ BROOKLYN CYCLONES
05/05/2048
 
TOP OF THE 1ST
Tri-City Dust Devils batting - Pitching for Brooklyn Cyclones : RHP Battista Aldobrandini
Pitching: RHP Battista Aldobrandini
Batting: LHB Ramon Vega 0-0: Ball
1-0: Ball
2-0: Called Strike
2-1: Foul Ball, location: 2F
2-2: Ball
3-2: Base on Balls
Batting: LHB Phil Lerner 0-0: Fielders Choice at 2nd, 4-6 (Groundball, 34, EV 86.2 MPH)
Batting: RHB Eric McMillian 0-0: Foul Ball, location: 2F
0-1: Swinging Strike
0-2: Strikes out swinging
Batting: LHB Chad Cutler 0-0: Ball
1-0: Called Strike
Phil Lerner is caught stealing 2nd base 2-6
Top of the 1st over - 0 runs, 0 hits, 0 errors, 0 left on base; Tri-City 0 - Brooklyn 0
BOTTOM OF THE 1ST
Brooklyn Cyclones batting - Pitching for Tri-City Dust Devils : RHP Sean Fowler
Pitching: RHP Sean Fowler
Batting: SHB Callum Lynch 0-0: Ball
1-0: Swinging Strike
1-1: Ball
2-1: Foul Ball, location: 2F
2-2: Strikes out swinging
Batting: RHB Jack Nickleberry 0-0: Ball
1-0: Foul Ball, location: 2F
1-1: Fly out, F5 (Line Drive, 5, EV 66.2 MPH)
Batting: RHB Jake Geib 0-0: Called Strike
0-1: Called Strike
0-2: Ball
1-2: Ball
2-2: Strikes out swinging
Bottom of the 1st over - 0 runs, 0 hits, 0 errors, 0 left on base; Tri-City 0 - Brooklyn 0
TOP OF THE 2ND
Tri-City Dust Devils batting - Pitching for Brooklyn Cyclones : RHP Battista Aldobrandini
Batting: LHB Chad Cutler 0-0: Ball
1-0: Ball
2-0: Swinging Strike
2-1: Fly out, F9 (Flyball, 9D, EV 90.0 MPH)
Batting: RHB Edgardo Rivera 0-0: Ground out 5-3 (Groundball, 56, EV 96.2 MPH)
Batting: SHB Isaiah Scates 0-0: Ball
1-0: Called Strike
1-1: Ground out U3 (Groundball, 3, EV 103.8 MPH)
Top of the 2nd over - 0 runs, 0 hits, 0 errors, 0 left on base; Tri-City 0 - Brooklyn 0
BOTTOM OF THE 2ND
Brooklyn Cyclones batting - Pitching for Tri-City Dust Devils : RHP Sean Fowler
Batting: LHB Miguel Ramos 0-0: Ball
1-0: Ball
2-0: Ball
3-0: Called Strike
3-1: Foul Ball, location: 2F
3-2: Fly out, F7 (Flyball, 78S, EV 80.0 MPH)
Batting: RHB Victor Reyes 0-0: Fly out, F9 (Line Drive, 9S, EV 87.5 MPH)
Batting: RHB Trent Hood 0-0: Ball
1-0: Called Strike
1-1: Foul Ball, location: 2F
1-2: SINGLE (Line Drive, 8LS, EV 110.0 MPH)
Batting: RHB Chris Pynn 0-0: SINGLE (Groundball, 6M, EV 87.5 MPH) (infield hit)
Trent Hood to second
Batting: RHB Tom Primmer 0-0: Called Strike
0-1: Hit by Pitch
Trent Hood to third
Chris Pynn to second
Batting: RHB Roberto Delgado 0-0: Called Strike
0-1: Ball
1-1: Foul Ball, location: 2F
1-2: Strikes out swinging
Bottom of the 2nd over - 0 runs, 2 hits, 0 errors, 3 left on base; Tri-City 0 - Brooklyn 0
TOP OF THE 3RD
Tri-City Dust Devils batting - Pitching for Brooklyn Cyclones : RHP Battista Aldobrandini
Batting: SHB Yutaro Takahashi 0-0: Called Strike
0-1: Foul Ball, location: 2F
0-2: Ball
1-2: Ball
2-2: Ball
3-2: Fly out, F7 (Flyball, 78D, EV 91.2 MPH)
Batting: RHB Max Stillo 0-0: Ball
1-0: Called Strike
1-1: Swinging Strike
1-2: Strikes out swinging
Batting: RHB Oren Jones 0-0: Swinging Strike
0-1: Ball
1-1: Ball
2-1: Foul Ball, location: 2F
2-2: Strikes out looking
Top of the 3rd over - 0 runs, 0 hits, 0 errors, 0 left on base; Tri-City 0 - Brooklyn 0
BOTTOM OF THE 3RD
Brooklyn Cyclones batting - Pitching for Tri-City Dust Devils : RHP Sean Fowler
Batting: SHB Callum Lynch 0-0: Ball
1-0: SINGLE (Line Drive, 56D, EV 96.2 MPH)
Batting: RHB Jack Nickleberry 0-0: Ball
1-0: Fielders Choice at 2nd, 6-4 (Groundball, 6, EV 87.5 MPH)
Batting: RHB Jake Geib 0-0: Called Strike
Jack Nickleberry steals 2nd base
0-1: Ball
1-1: Ball
2-1: Ground out 6-3 (Groundball, 6D, EV 96.9 MPH)
Batting: LHB Miguel Ramos 0-0: Foul Ball, location: 2F
0-1: Swinging Strike
0-2: Strikes out swinging
Bottom of the 3rd over - 0 runs, 1 hit, 0 errors, 1 left on base; Tri-City 0 - Brooklyn 0
TOP OF THE 4TH
Tri-City Dust Devils batting - Pitching for Brooklyn Cyclones : RHP Battista Aldobrandini
Batting: LHB Ramon Vega 0-0: Ground out 4-3 (Groundball, 4, EV 88.1 MPH)
Batting: LHB Phil Lerner 0-0: Foul Ball, location: 2F
0-1: Ball
1-1: Ball
2-1: Ball
3-1: Foul Ball, location: 2F
3-2: Foul Ball, location: 2F
3-2: Foul Ball, location: 2F
3-2: Foul Ball, location: 2F
3-2: Ground out 6-3 (Groundball, 6, EV 85.0 MPH)
Batting: RHB Eric McMillian 0-0: Ball
1-0: Reached via error on a dropped throw from SS, E3 (Groundball, 6, EV 80.6 MPH)
Batting: LHB Chad Cutler 0-0: Ball
1-0: Called Strike
1-1: Ground out 4-3 (Groundball, 4, EV 84.4 MPH)
Top of the 4th over - 0 runs, 0 hits, 1 error, 1 left on base; Tri-City 0 - Brooklyn 0
BOTTOM OF THE 4TH
Brooklyn Cyclones batting - Pitching for Tri-City Dust Devils : RHP Sean Fowler
Batting: RHB Victor Reyes 0-0: Ball
1-0: Ground out 1-3 (Groundball, 13, EV 69.4 MPH)
Batting: RHB Trent Hood 0-0: Ball
1-0: Called Strike
1-1: Ground out 5-3 (Groundball, 56S, EV 86.9 MPH)
Batting: RHB Chris Pynn 0-0: Called Strike
0-1: Ball
1-1: Foul Ball, location: 2F
1-2: Ball
2-2: Strikes out swinging
Bottom of the 4th over - 0 runs, 0 hits, 0 errors, 0 left on base; Tri-City 0 - Brooklyn 0
TOP OF THE 5TH
Tri-City Dust Devils batting - Pitching for Brooklyn Cyclones : RHP Battista Aldobrandini
Batting: RHB Edgardo Rivera 0-0: Called Strike
0-1: Ball
1-1: Ball
2-1: Fly out, F9 (Flyball, 9S, EV 86.2 MPH)
Batting: SHB Isaiah Scates 0-0: Ball
1-0: Swinging Strike
1-1: Ball
2-1: Ball
3-1: Base on Balls
Batting: SHB Yutaro Takahashi 0-0: Swinging Strike
0-1: Ball
1-1: Foul Ball, location: 2F
1-2: Ground out 5-3 (Groundball, 5L, EV 106.9 MPH)
Isaiah Scates to second
Batting: RHB Max Stillo 0-0: Called Strike
0-1: Ball
1-1: Ball
2-1: Foul Ball, location: 2F
2-2: Strikes out swinging
Top of the 5th over - 0 runs, 0 hits, 0 errors, 1 left on base; Tri-City 0 - Brooklyn 0
BOTTOM OF THE 5TH
Brooklyn Cyclones batting - Pitching for Tri-City Dust Devils : RHP Sean Fowler
Batting: RHB Tom Primmer 0-0: Ball
1-0: Foul Ball, location: 2F
1-1: Swinging Strike
1-2: Ball
2-2: Strikes out looking
Batting: RHB Roberto Delgado 0-0: Ball
1-0: Fly out, F4 (Flyball, 34D, EV 85.6 MPH)
Batting: SHB Callum Lynch 0-0: Called Strike
0-1: Swinging Strike
0-2: Fly out, F9 (Flyball, 9LMF, EV 79.4 MPH)
Bottom of the 5th over - 0 runs, 0 hits, 0 errors, 0 left on base; Tri-City 0 - Brooklyn 0
TOP OF THE 6TH
Tri-City Dust Devils batting - Pitching for Brooklyn Cyclones : RHP Battista Aldobrandini
Batting: RHB Oren Jones 0-0: Called Strike
0-1: Ball
1-1: Ball
2-1: Swinging Strike
2-2: Ground out 6-3 (Groundball, 6, EV 86.2 MPH)
Batting: LHB Ramon Vega 0-0: Swinging Strike
0-1: Fly out, F9 (Line Drive, 89D, EV 101.9 MPH)
Batting: LHB Phil Lerner 0-0: Foul Ball, location: 2F
0-1: Called Strike
0-2: SINGLE (Groundball, 34D, EV 103.1 MPH)
Batting: RHB Eric McMillian 0-0: Ball
1-0: Ball
Pickoff Throw to First - Out! 1-3 CS
Top of the 6th over - 0 runs, 1 hit, 0 errors, 0 left on base; Tri-City 0 - Brooklyn 0
BOTTOM OF THE 6TH
Brooklyn Cyclones batting - Pitching for Tri-City Dust Devils : RHP Sean Fowler
Batting: RHB Jack Nickleberry 0-0: Ball
1-0: Hit by Pitch
Batting: RHB Jake Geib 0-0: Ball
1-0: Ball
2-0: Fly out, F8 (Flyball, 8LM, EV 81.9 MPH)
Batting: LHB Miguel Ramos 0-0: Ball
Jack Nickleberry is caught stealing 2nd base 2-6
1-0: Ball
2-0: Fly out, F8 (Line Drive, 8RM, EV 93.1 MPH)
Bottom of the 6th over - 0 runs, 0 hits, 0 errors, 0 left on base; Tri-City 0 - Brooklyn 0
TOP OF THE 7TH
Tri-City Dust Devils batting - Pitching for Brooklyn Cyclones : RHP Battista Aldobrandini
Batting: RHB Eric McMillian 0-0: Foul Ball, location: 2F
0-1: Foul Ball, location: 2F
0-2: Ball
1-2: Ball
2-2: Foul Ball, location: 2F
2-2: Ball
3-2: Strikes out looking
Pitching: LHP Jose Diaz
Pinch Hitting: RHB Hector Fernandez 0-0: Ball
1-0: Called Strike
1-1: Ball
2-1: Called Strike
2-2: Fly out, F9 (Flyball, 89D, EV 98.1 MPH)
Pitching: RHP Gwidon Kaminski
Batting: RHB Edgardo Rivera 0-0: Ball
1-0: Ball
2-0: SINGLE (Groundball, 56D, EV 98.1 MPH)
Batting: SHB Isaiah Scates 0-0: Foul Ball, location: 2F
0-1: Called Strike
0-2: Ball
1-2: Ball
2-2: Ball
3-2: Base on Balls
Edgardo Rivera to second
Batting: SHB Yutaro Takahashi 0-0: Swinging Strike
0-1: Foul Ball, location: 2F
0-2: Strikes out swinging
Top of the 7th over - 0 runs, 1 hit, 0 errors, 2 left on base; Tri-City 0 - Brooklyn 0
BOTTOM OF THE 7TH
Brooklyn Cyclones batting - Pitching for Tri-City Dust Devils : RHP Sean Fowler
Now in LF: Shane Bruce
Batting: RHB Victor Reyes 0-0: Ball
1-0: SINGLE (Line Drive, 34, EV 98.1 MPH)
Batting: RHB Trent Hood 0-0: Called Strike
Victor Reyes is caught stealing 2nd base 2-4
0-1: Fly out, F8 (Flyball, 8RM, EV 87.5 MPH)
Batting: RHB Chris Pynn 0-0: Ball
1-0: Called Strike
1-1: Ball
2-1: Ground out U3 (Groundball, 34S, EV 84.4 MPH)
Bottom of the 7th over - 0 runs, 1 hit, 0 errors, 0 left on base; Tri-City 0 - Brooklyn 0
TOP OF THE 8TH
Tri-City Dust Devils batting - Pitching for Brooklyn Cyclones : RHP Gwidon Kaminski
Batting: RHB Max Stillo 0-0: Ball
1-0: Ball
2-0: Ball
3-0: Called Strike
3-1: Foul Ball, location: 2F
3-2: Base on Balls
Batting: RHB Oren Jones 0-0: Swinging Strike
0-1: Ball
1-1: Called Strike
Max Stillo steals 2nd, throwing error, E2
Max Stillo to third
1-2: Ball
2-2: DOUBLE (Flyball, 3D, EV 95.6 MPH)
Max Stillo scores
Batting: LHB Ramon Vega 0-0: Ball
1-0: Swinging Strike
1-1: Ball
2-1: Foul Ball, location: 2F
2-2: DOUBLE (Line Drive, 9LD, EV 108.8 MPH)
Oren Jones scores
Pitching: RHP Leo Burgos
Batting: LHB Phil Lerner 0-0: Ball
1-0: Ball
2-0: SINGLE (Groundball, 4MD, EV 103.8 MPH) (infield hit)
Ramon Vega to third
Batting: RHB Eric McMillian 0-0: Ball
1-0: Ball
2-0: Foul Ball, location: 2F
2-1: Ball
3-1: Base on Balls
Phil Lerner to second
Batting: RHB Shane Bruce 0-0: Ball
1-0: Foul Ball, location: 2F
1-1: SINGLE (Groundball, 6, EV 81.2 MPH) (infield hit)
Ramon Vega scores
Phil Lerner to third
Eric McMillian to second
Batting: RHB Edgardo Rivera 0-0: Called Strike
0-1: Grounds into fielders choice 5-2 (Groundball, 56S, EV 71.9 MPH)
Eric McMillian to third
Shane Bruce to second
Batting: SHB Isaiah Scates 0-0: Called Strike
0-1: Ball
1-1: Foul Ball, location: 2F
1-2: Ball
2-2: SINGLE (Groundball, 34D, EV 103.1 MPH)
Eric McMillian scores
Shane Bruce to third
Edgardo Rivera to second
Batting: SHB Yutaro Takahashi 0-0: Ball
1-0: Ball
2-0: Called Strike
2-1: Foul Ball, location: 2F
2-2: Foul Ball, location: 2F
2-2: Ball
3-2: Base on Balls
Shane Bruce scores
Edgardo Rivera to third
Isaiah Scates to second
Batting: RHB Max Stillo 0-0: Swinging Strike
0-1: Ball
1-1: Ball
Wild Pitch!
Edgardo Rivera scores
Isaiah Scates to third
Yutaro Takahashi to second
2-1: Ball
3-1: Base on Balls
Pitching: RHP Jonathan Colyer
Batting: RHB Oren Jones 0-0: Ball
1-0: Ball
2-0: Foul Ball, location: 2F
2-1: Ball
3-1: Base on Balls
Isaiah Scates scores
Yutaro Takahashi to third
Max Stillo to second
Batting: LHB Ramon Vega 0-0: Ball
1-0: Ball
2-0: Fielders Choice at 2nd, 6-4 (Groundball, 6, EV 86.9 MPH)
Yutaro Takahashi scores
Max Stillo to third
Batting: LHB Phil Lerner 0-0: Ball
1-0: Hit by Pitch
Ramon Vega to second
Batting: RHB Eric McMillian 0-0: Ball
1-0: Foul Ball, location: 2F
1-1: Foul Ball, location: 2F
1-2: Ball
2-2: Foul Ball, location: 2F
2-2: Foul Ball, location: 2F
2-2: Ball
3-2: Foul Ball, location: 2F
3-2: Fly out, F7 (Flyball, 78D, EV 100.0 MPH)
Top of the 8th over - 8 runs, 5 hits, 1 error, 3 left on base; Tri-City 8 - Brooklyn 0
BOTTOM OF THE 8TH
Brooklyn Cyclones batting - Pitching for Tri-City Dust Devils : RHP Sean Fowler
Pinch Hitting: SHB Ryan Brown 0-0: Swinging Strike
0-1: Ball
1-1: SINGLE (Groundball, 5D, EV 93.8 MPH)
Batting: RHB Jayden Copeland 0-0: Grounds into double play, 6-4-3 (Groundball, 6, EV 101.2 MPH)
Pitching: RHP David Koski
Batting: SHB Callum Lynch 0-0: Ground out 4-3 (Groundball, 4, EV 88.1 MPH)
Bottom of the 8th over - 0 runs, 1 hit, 0 errors, 0 left on base; Tri-City 8 - Brooklyn 0
TOP OF THE 9TH
Tri-City Dust Devils batting - Pitching for Brooklyn Cyclones : RHP Jonathan Colyer
Now in LF: Ryan Brown
Batting: RHB Shane Bruce 0-0: Ball
1-0: Foul Ball, location: 2F
1-1: Swinging Strike
1-2: Foul Ball, location: 2F
1-2: Ball
2-2: Foul Ball, location: 2F
2-2: Ball
3-2: Strikes out swinging
Batting: RHB Edgardo Rivera 0-0: Foul Ball, location: 2F
0-1: Fly out, F6 (Popup, 6M, EV 71.9 MPH)
Batting: SHB Isaiah Scates 0-0: Ball
1-0: Ball
2-0: Called Strike
2-1: Ball
3-1: Base on Balls
Batting: SHB Yutaro Takahashi 0-0: Foul Ball, location: 2F
0-1: Swinging Strike
0-2: Foul Ball, location: 2F
0-2: Strikes out looking
Top of the 9th over - 0 runs, 0 hits, 0 errors, 1 left on base; Tri-City 8 - Brooklyn 0
BOTTOM OF THE 9TH
Brooklyn Cyclones batting - Pitching for Tri-City Dust Devils : RHP David Koski
Batting: RHB Jack Nickleberry 0-0: Called Strike
0-1: Fly out, F8 (Flyball, 8LD, EV 93.8 MPH)
Batting: RHB Jake Geib 0-0: Ball
1-0: Fly out, F8 (Line Drive, 8RM, EV 100.0 MPH)
Batting: LHB Miguel Ramos 0-0: Ball
1-0: Foul Ball, location: 2F
1-1: Ball
2-1: Foul Ball, location: 2F
2-2: Ground out 5-3 (Groundball, 6, EV 81.2 MPH)
Bottom of the 9th over - 0 runs, 0 hits, 0 errors, 0 left on base; Tri-City 8 - Brooklyn 0
Tuesday, March 28th , 2023 - OOTP Baseball 23.10 Build 110